 Dungeon Crawl Stone Soup version 0.20-a0-217-g17e8ceb (webtiles) character file.

109 FitzyFitz the Shield-Bearer (level 5, -1/35 HPs)
             Began as a Human Air Elementalist on Nov 29, 2016.
             Killed by nerve-wracking pain
             ... invoked by Grinder
              (11 damage)
             ... on level 3 of the Dungeon.
             The game lasted 00:07:47 (2391 turns).

FitzyFitz the Shield-Bearer (HuAE)                  Turns: 2391, Time: 00:07:48

Health: -1/35      AC:  6    Str: 13    XL:     5   Next: 13%
Magic:  8/8        EV: 12    Int: 17    God:
Gold:   201        SH:  5    Dex: 13    Spells: 3/8 levels left

rFire  . . .     SeeInvis .     g - +0 short sword (drain)
rCold  . . .     Gourm    .     a - +0 robe
rNeg   . . .     Faith    .     e - +0 buckler
rPois  .         Spirit   .     x - +1 helmet
rElec  .         Reflect  .     D - +0 cloak
rCorr  .         Harm     .     (no gloves)
MR     .....                    l - +0 pair of boots
Stlth  ++........               (no amulet)
                                (no ring)
                                (no ring)

@: mighty, repel missiles
A: no striking features
a: no special abilities


You were on level 3 of the Dungeon.
You were not hungry.

You visited 1 branch of the dungeon, and saw 3 of its levels.

You collected 201 gold pieces.

Inventory:

Hand Weapons
 g - a +0 short sword of draining (weapon)
 B - a +0 hunting sling
Missiles
 k - 144 stones (quivered)
 s - 5 javelins
 y - 29 poisoned needles
 G - 11 sling bullets
Armour
 a - a +0 robe (worn)
 e - a +0 buckler (worn)
 l - a +0 pair of boots (worn)
 x - a +1 helmet (worn)
 D - a +0 cloak (worn)
Jewellery
 w - an uncursed amulet of rage {unknown}
Wands
 v - a wand of random effects (18/48)
Scrolls
 d - 2 scrolls of immolation {unknown}
 h - 3 scrolls of identify {unknown}
 i - a scroll of enchant armour {unknown}
 m - a scroll of amnesia {unknown}
 n - a scroll of magic mapping {unknown}
 q - 2 scrolls of remove curse {unknown}
 r - a scroll of random uselessness {unknown}
 t - a scroll of enchant weapon {unknown}
 u - a scroll of fear {unknown}
Potions
 o - 2 potions of heal wounds {unknown}
 p - a potion of berserk rage {unknown}
 C - a potion of curing {unknown}
 E - a potion of resistance {unknown}
 F - a potion of magic {unknown}
Books
 b - a book of Air

   Spells                             Type                      Level
   a - Shock                          Conjuration/Air              1
   b - Swiftness                      Charms/Air                   2
   c - Repel Missiles                 Charms/Air                   2
   d - Static Discharge               Conjuration/Air              3
   e - Lightning Bolt                 Conjuration/Air              5
Comestibles
 c - a bread ration
 f - a meat ration
 z - 10 chunks of flesh
 A - 22 fruits


   Skills:
 - Level 2.0 Dodging
 - Level 2.0 Stealth
 + Level 4.0 Shields
 - Level 2.0 Spellcasting
 - Level 1.3 Conjurations
 - Level 3.1 Air Magic


You had 3 spell levels left.
You knew the following spells:

 Your Spells              Type           Power        Failure   Level  Hunger
a - Shock                 Conj/Air       #...         10%         1    #......
b - Repel Missiles        Chrm/Air       #.....       17%         2    ###....
c - Swiftness             Chrm/Air       #.......     17%         2    ###....


Dungeon Overview and Level Annotations

Branches:
Dungeon (3/15)

Altars:
Gozag
Xom

Annotations:
D:3 Grinder


Message History

G - 11 sling bullets Grinder gestures at you.
You suddenly lose the ability to move!
Grinder says, "FISH!"
Grinder gestures at you. You resist with significant effort. Grinder hits you!
You writhe in agony.
Grinder hits you.
* * * LOW HITPOINT WARNING * * *
You writhe in agony.
* * * LOW HITPOINT WARNING * * *
You can move again.
Unknown command.
You feel mightier all of a sudden. Grinder closely misses you.
You puncture Grinder!
Grinder is lightly wounded.
Grinder gestures at you. Pain shoots through your body!
You die...

#....# #..8.# +....#
#..8.# ###....####
######### .#..8.###..
.......### ........#.#
##......... .#....#.#.#
##.....#..## ...##...#.#
#...@5.....#
#.####.##.###......#...#
#.# #))).....#....# #
#.# #.##.##..##.#.#
#.####.##.##..##.#.#
#.............##.#.#
.......##.#......# #
######.##.#........#
#............##


You could see Grinder.

Vanquished Creatures
  An orc wizard (D:3)
  An adder (D:3)
  An ooze (D:3)
  2 dart slugs
  2 leopard geckos (D:3)
  5 orcs
  A ball python (D:3)
  5 bats
  5 giant cockroaches
  10 goblins
  3 hobgoblins
  6 jackals
  4 frilled lizards
  4 kobolds
  6 rats
  A butterfly (D:2)
57 creatures vanquished.

Notes
Turn   | Place    | Note
-------+----------+-------------------------------------------
     0 | D:1      | FitzyFitz the Human Air Elementalist began the quest for the Orb.
     0 | D:1      | Reached XP level 1. HP: 13/13 MP: 3/3
   261 | D:1      | Reached XP level 2. HP: 19/19 MP: 5/5
   281 | D:1      | Reached skill level 1 in Shields
   977 | D:1      | Learned a level 2 spell: Repel Missiles
   980 | D:1      | Learned a level 2 spell: Swiftness
  1099 | D:2      | Found an opulent altar of Gozag.
  1135 | D:2      | Found a shimmering altar of Xom.
  1381 | D:2      | Reached XP level 3. HP: 24/24 MP: 6/6
  1414 | D:2      | Reached skill level 2 in Shields
  2070 | D:3      | Reached skill level 3 in Shields
  2070 | D:3      | Reached XP level 4. HP: 28/30 MP: 7/7
  2323 | D:3      | Reached skill level 4 in Shields
  2323 | D:3      | Reached XP level 5. HP: 21/35 MP: 8/8
  2378 | D:3      | Noticed Grinder
  2383 | D:3      | Paralysed by Grinder for 7 turns
  2391 | D:3      | Killed from afar by Grinder

Vault maps used:
D:1:      dpeg_arrival_renting, minmay_pentomino_v2
D:2:      kennysheep_goblin_castle, xom_butterflies, overflow_temple_1_default,
          minmay_misc_feat_iff, kennysheep_cross_room, dk_vineyard_1
D:3:      zin_statuary, lemuel_coloured_pillars_altar, first_bread, uniq_grinder

Skill      XL: |  1  2  3  4 |
---------------+-------------+-----
Shields        | 1 3 4 |  4.0
Dodging        | |  2.0
Stealth        | |  2.0
Spellcasting   | |  2.0
Conjurations   | |  1.3
Air Magic      | |  3.1

Action                   |  1- 3 |  4- 6 || total
-------------------------+-------+-------++-------
Melee: Short sword       |   116 |    60 ||   176
 Cast: Shock             |     4 |       ||     4
       Repel Missiles    |     1 |       ||     1
  Use: Potion            |       |     2 ||     2
 Stab: Sleeping          |     2 |     1 ||     3
  Eat: Chunk             |     4 |     1 ||     5
Armor: Robe              |    19 |     9 ||    28
Dodge: Dodged            |    76 |    26 ||   102
       Deflected         |     1 |     1 ||     2
Block: Buckler           |    22 |    14 ||    36
